 Dungeon Crawl Stone Soup version 0.22-a0-284-g99d1f74 (webtiles) character file.

5 Kairos the Magician (level 1, -1/13 HPs)
             Began as a Gnoll Wanderer on Mar 22, 2018.
             Slain by a jackal (3 damage)
             ... on level 1 of the Dungeon.
             The game lasted 00:01:01 (93 turns).

Kairos the Magician (Gnoll Wanderer)                  Turns: 93, Time: 00:01:02

Health: -1/13      AC:  2    Str: 14    XL:     1   Next: 80%
Magic:  6/6        EV: 12    Int: 14    God:
Gold:   21         SH:  4    Dex: 14    Spells: 8/9 levels left

rFire    . . .     SeeInvis .   g - +2 whip (elec)
rCold    . . .     Gourm    .   c - +0 buckler
rNeg     . . .     Faith    .   d - +0 robe
rPois    .         Spirit   .   (no helmet)
rElec    .         Reflect  .   (no cloak)
rCorr    .         Harm     .   (no gloves)
MR       .....                  (no boots)
Stlth    ++........             (no amulet)
HPRegen  0.04/turn              (no ring)
MPRegen  0.10/turn              (no ring)

@: no status effects
A: distributed training, fangs 1, strong nose
a: no special abilities


You were on level 1 of the Dungeon.
You were not hungry.

You visited 1 branch of the dungeon, and saw 1 of its levels.

You collected 21 gold pieces.

Inventory:

Hand Weapons
 e - a +0 club
 g - a +2 whip of electrocution (weapon)
Armour
 c - a +0 buckler (worn)
 d - a +0 robe (worn)
Scrolls
 a - a scroll of identify {unknown}
Potions
 b - 2 potions of berserk rage {unknown}
Comestibles
 f - a ration


   Skills:
 + Level 0.1 Fighting
 + Level 0.1 Short Blades
 + Level 0.1 Long Blades
 + Level 0.1 Axes
 + Level 0.1 Maces & Flails
 + Level 2.4 Polearms
 + Level 0.1 Staves
 + Level 0.1 Slings
 + Level 0.1 Bows
 + Level 0.1 Crossbows
 + Level 2.4 Throwing
 + Level 0.1 Armour
 + Level 2.4 Dodging
 + Level 2.2 Stealth
 + Level 2.4 Shields
 + Level 0.1 Unarmed Combat
 + Level 4.9 Spellcasting
 + Level 3.6 Conjurations
 + Level 0.1 Hexes
 + Level 0.1 Charms
 + Level 0.1 Summonings
 + Level 0.1 Necromancy
 + Level 0.1 Translocations
 + Level 0.1 Transmutations
 + Level 0.1 Fire Magic
 + Level 0.1 Ice Magic
 + Level 0.1 Air Magic
 + Level 2.0 Earth Magic
 + Level 0.1 Poison Magic
 + Level 0.2 Invocations
 + Level 0.1 Evocations


You had 8 spell levels left.
You knew the following spells:

 Your Spells              Type           Power        Failure   Level  Hunger
a - Magic Dart            Conj           ##..         4%          1    None


Dungeon Overview and Level Annotations

Branches:
Dungeon (1/15)

Altars:


Innate Abilities, Weirdness & Mutations

Your experience applies equally to all skills.
You have very sharp teeth.
Your uncanny sense of smell can sniff out nearby items.


Message History

g - a glowing whip You hear the crackle of electricity.
g - a +2 whip of electrocution (weapon)
2 jackals come into view.
The jackal barks!
A jackal comes into view.
The jackal misses you. You block the jackal's attack.
The jackal barely misses you. The jackal bites you.
The jackal barely misses you. The jackal bites you.
* * * LOW HITPOINT WARNING * * *
The jackal closely misses you.
The jackal bites you but does no damage.
You are too injured to fight recklessly!
You are too injured to fight recklessly!
You are too injured to fight recklessly!
You are too injured to fight recklessly!
You closely miss the jackal. You block the jackal's attack.
The jackal bites you.
You die...

#. #..........#####
#.##..............##
..#......#######..# #.#.######
##.## ......#.#.# #..#
#.....#...# #####.#
#.....##..# ##...#.#
#.....##..# ### ##..#....
#.....###@# ...###..#.#...
#####.....# #h##.......#...#..
..........# #hh...#####.....##
..........###..##..#..........
..........)....# ..#....<....
...............###..#.........
...................#..........
........####......#####.....##
........####...........#...#..


You could see 3 jackals.

Vanquished Creatures
  A dart slug (D:1)
  2 goblins (D:1)
3 creatures vanquished.

Notes
Turn   | Place    | Note
-------+----------+-------------------------------------------
     0 | D:1      | Kairos the Gnoll Wanderer began the quest for the Orb.
     0 | D:1      | Kairos set off with: a +0 buckler, a +0 robe, a +0 club, a ration
     0 | D:1      | Reached XP level 1. HP: 13/13 MP: 6/6
    33 | D:1      | Learned a level 1 spell: Magic Dart
    93 | D:1      | Slain by a jackal

Vault maps used:
D:1:      scummos_arrival_star, kennysheep_minor_cross

Skill      XL: |  1 |
---------------+----+-----
Earth Magic    | 2 |  2.0
Fighting       | |  0.1
Short Blades   | |  0.1
Long Blades    | |  0.1
Axes           | |  0.1
Maces & Flails | |  0.1
Polearms       | |  2.4
Staves         | |  0.1
Slings         | |  0.1
Bows           | |  0.1
Crossbows      | |  0.1
Throwing       | |  2.4
Armour         | |  0.1
Dodging        | |  2.4
Stealth        | |  2.2
Shields        | |  2.4
Unarmed Combat | |  0.1
Spellcasting   | |  4.9
Conjurations   | |  3.6
Hexes          | |  0.1
Charms         | |  0.1
Summonings     | |  0.1
Necromancy     | |  0.1
Translocations | |  0.1
Transmutations | |  0.1
Fire Magic     | |  0.1
Ice Magic      | |  0.1
Air Magic      | |  0.1
Poison Magic   | |  0.1
Invocations    | |  0.2
Evocations     | |  0.1

Action                   || total
-------------------------++-------
Melee: Club              ||    15
       Bite              ||     2
       Whip              ||     1
 Stab: Sleeping          ||     1
Armor: Robe              ||     2
Dodge: Dodged            ||     9
Block: Buckler           ||     6

Table legend:
 A = Spawn XP
 B = Non-spawn XP
 C = Spawn XP percentage of total XP
 D = Spawn monster count
 E = Non-spawn monster count
 F = Spawn count percentage of total count
 G = Total turns spent on level
                    A         B        C        D         E        F      G
               +---------+---------+-------+---------+---------+-------+---------
         Total |       0 |       8 |   0.0 |       0 |       3 |   0.0 |    93
               +---------+---------+-------+---------+---------+-------+---------
           D:1 |       0 |       8 |   0.0 |       0 |       3 |   0.0 |    93
               +---------+---------+-------+---------+---------+-------+---------
